 Dungeon Crawl Stone Soup version 0.30-a0-42-g806c11bf1d (webtiles) character file.

Game seed: 2852007086908447337

224 SensoryNuts the Slasher (level 5, -5/47 HPs)
             Began as a Minotaur Fighter on Aug 30, 2022.
             Slain by an ogre
             ... wielding a +0 giant club
              (22 damage)
             ... on level 4 of the Dungeon.
             The game lasted 00:02:42 (2638 turns).

SensoryNuts the Slasher (Minotaur Fighter)          Turns: 2638, Time: 00:02:42

Health: -5/47      AC: 17    Str: 20    XL:     5   Next: 67%
Magic:  4/4        EV:  5    Int:  5    God:
Gold:   284        SH:  5    Dex: 12    Spells: 4/4 levels left

rFire   . . .      SeeInvis .    a - +0 long sword (vamp)
rCold   . . .      Faith    .    c - +0 buckler
rNeg    . . .      Spirit   .    m - +3 plate armour
rPois   .          Reflect  .    (helmet restricted)
rElec   .          Harm     .    (no cloak)
rCorr   .          Rampage  .    i - +1 pair of gloves
Will    +....                    (no boots)
Stlth   ..........               (no amulet)
HPRegen 0.15/turn                f - ring of willpower
MPRegen 0.09/turn                (no ring)

@: mighty
A: horns 2, retaliatory headbutt
a: no special abilities


You were on level 4 of the Dungeon.
You visited 2 branches of the dungeon, and saw 5 of its levels.

You collected 284 gold pieces.

Inventory:

Hand Weapons
 a - a +0 vampiric long sword (weapon)
Armour
 c - a +0 buckler (worn)
 i - a +1 pair of gloves (worn)
 m - a +3 plate armour (worn)
Jewellery
 f - a ring of willpower (left hand)
 l - a ring of see invisible
 o - a ring of flight
Scrolls
 g - 2 scrolls of blinking
 h - a scroll of teleportation
 k - 2 scrolls of fear
Potions
 b - a potion of heal wounds
 d - 3 potions of might
 e - 3 potions of haste
 j - a potion of magic {unknown}
 n - a potion of lignification {unknown}
 p - 3 potions of mutation {unknown}
 s - a potion of curing {unknown}


   Skills:
 + Level 4.6 Fighting
 * Level 5.3 Long Blades
 + Level 4.6 Armour
 + Level 0.3 Dodging
 + Level 4.3 Shields


You had 4 spell levels left.
You didn't know any spells.
Your spell library contained the following spells:

 Spells                   Type           Power      Damage    Failure   Level
 Apportation              Tloc           0%         N/A       100%        1
 Slow                     Hex            0%         N/A       100%        1
 Call Canine Familiar     Summ           0%         N/A       100%        3
 Confusing Touch          Hex            0%         N/A       100%        3
 Portal Projectile        Hex/Tloc       0%         N/A       100%        3
 Vampiric Draining        Necr           0%         2d6       100%        3
 Leda's Liquefaction      Hex/Erth       0%         N/A       100%        4
 Alistair's Intoxication  Tmut/Pois      0%         N/A       100%        5


Dungeon Overview and Level Annotations

Branches:
Dungeon (4/15)             Temple (1/1) D:4

Altars:
Ashenzari
Cheibriados
Dithmenos
Fedhas
Hepliaklqana
Kikubaaqudgha
Makhleb
Nemelex Xobeh
Okawaru
Qazlal
Sif Muna
Wu Jian
Xom
Yredelemnul
Zin


Innate Abilities, Weirdness & Mutations

You have a pair of horns on your head.
You reflexively headbutt those who attack you in melee.


Message History

e - 3 potions of haste (gained 1)
A worm comes into view.
A worm is nearby!
A worm is nearby!
Found a leather armour.
An ogre comes into view. It is wielding a +0 giant club.
You slash the worm!
The worm is severely wounded.
The worm bites you.
You hit the worm.
You feel better.
The worm is almost dead.
The worm completely misses you.
You hit the worm.
You kill the worm!
You hit the ogre. Your headbutt misses the ogre.
The ogre is lightly wounded.
You block the ogre's attack.
You slash the ogre!
You headbutt the ogre, but do no damage.
The ogre is moderately wounded.
The ogre hits you but does no damage.
You hit the ogre.
The ogre is heavily wounded.
The ogre hits you with a +0 giant club!
You barely miss the ogre.
The ogre is heavily wounded.
An ogre is nearby!
An ogre is nearby!
You hit the ogre.
You feel better.
You headbutt the ogre, but do no damage.
The ogre is heavily wounded.
The ogre hits you with a +0 giant club!!
You are too injured to fight recklessly!
Unknown command.
You feel very mighty all of a sudden. The ogre barely misses you.
You barely miss the ogre.
The ogre is heavily wounded.
The ogre hits you with a +0 giant club!!
You die...

.......# .......# ......
.......# ...... .......#
......
.......###########......
####....................
...#....................
...#............O.......
...#.......)....@.......
...#..............######
..##............!>#
..####+######.....# ..#
+.....# ..+ #[....# ..#
. #..:..# #'###....
#.....# .......# #######


You could see an ogre.

Vanquished Creatures
  A necrophage (D:4)
  7 gnolls
  An adder (D:3)
  4 worms
  A dart slug (D:2)
  An orc (D:2)
  3 ball pythons
  7 bats
  5 endoplasms
  4 giant cockroaches
  7 goblins
  7 hobgoblins
  7 jackals
  4 quokkas
  4 frilled lizards
  3 kobolds
  4 rats (D:1)
70 creatures vanquished.

Notes
Turn   | Place    | Note
-------+----------+-------------------------------------------
     0 | D:1      | SensoryNuts the Minotaur Fighter began the quest for the
                  | Orb.
     0 | D:1      | Reached XP level 1. HP: 19/19 MP: 0/0
   253 | D:1      | Reached XP level 2. HP: 26/27 MP: 1/1
   903 | D:2      | Found a faded altar of an unknown god.
  1032 | D:2      | Reached XP level 3. HP: 33/33 MP: 2/2
  1036 | D:2      | Reached skill level 3 in Long Blades
  1700 | D:3      | Reached XP level 4. HP: 40/40 MP: 3/3
  1876 | D:3      | Found a burning altar of Makhleb.
  1876 | D:3      | Found a glowing silver altar of Zin.
  1877 | D:3      | Found a broken altar of Ashenzari.
  1877 | D:3      | Found a hazy altar of Hepliaklqana.
  1987 | D:3      | Reached skill level 4 in Long Blades
  2069 | D:3      | Found a basalt altar of Yredelemnul.
  2270 | D:4      | Identified the +1 leather armour of the Other World {rElec
                  | Will- Str+6 Dex+3}
  2307 | D:4      | Found a staircase to the Ecumenical Temple.
  2379 | Temple   | Entered the Ecumenical Temple
  2479 | D:4      | Noticed a necrophage
  2484 | D:4      | Killed a necrophage
  2485 | D:4      | Reached skill level 5 in Long Blades
  2485 | D:4      | Reached XP level 5. HP: 47/47 MP: 4/4
  2627 | D:4      | Noticed an ogre
  2638 | D:4      | Slain by an ogre

Illustrated notes

Levels and vault maps discovered:
D:1:      minmay_arrival_stair_chambers, layout_loops_cross, minmay_tromino_i4
D:2:      layout_rooms, ebering_ecumenical_altar_mist, minmay_increasing_density
D:3:      layout_loops_cross, mainiacjoe_overflow_alcove_4,
          chequers_temple_overflow_statue_of_worship,
          amcnicky_mini_corridor_feature, minmay_fountain_box
D:4:      layout_gridville, minmay_temple_entry_slanted
Temple:   hellmonk_temple_rainy

Skill      XL: |  1  2  3  4 |
---------------+-------------+-----
Armour         | 4 |  4.6
Fighting       | 4 |  4.6
Long Blades    | 3 5 |  5.3
Shields        | 4 |  4.3
Dodging        | |  0.3

Action                   |  1- 3 |  4- 6 || total
-------------------------+-------+-------++-------
Melee: Long sword        |   112 |    87 ||   199
       Headbutt          |    14 |    14 ||    28
  Use: Scroll            |     8 |     4 ||    12
       Potion            |       |     1 ||     1
Armor: Scale mail        |    31 |       ||    31
       Plate armour      |    35 |    66 ||   101
Dodge: Dodged            |    39 |    24 ||    63
Block: Buckler           |    15 |    18 ||    33

Table legend: (Time is in decaauts)
 A = Elapsed time spent in this place.
 B = Non-inter-level travel time spent in this place.
 C = Inter-level travel time spent in this place.
 D = Time resting spent in this place.
 E = Time spent auto-exploring this place.
 F = Levels seen in this place.
 G = Mean time per level.
                   A        B        C        D        E       F      G
               +--------+--------+--------+--------+--------+-----+--------+
         Total |   2694 |   2589 |    105 |      0 |   2024 |   5 |  538.8 |
       Dungeon |   2666 |   2561 |    105 |      0 |   2015 |   4 |  666.5 |
        Temple |     27 |     27 |      0 |      0 |      9 |   1 |   27.0 |
               +--------+--------+--------+--------+--------+-----+--------+

Top non-repeatable levels by time:
     D:1: 812 daAuts
     D:3: 772 daAuts
     D:2: 705 daAuts
     D:4: 376 daAuts
  Temple: 27 daAuts
